TOP OF THE 1ST |
Chicago Machine batting - Pitching for Springfield Stars : LHP José López
|
Pitching: LHP José López
|
|
Batting: RHB Gonzalo Gil
|
0-0: Called Strike 0-1: Ball 1-1: Ball 2-1: SINGLE (Line Drive, 56D)
|
Batting: RHB Juan Vareas
|
0-0: Ball 1-0: Grounds into double play, 5-4-3 (Groundball, 56)
|
Batting: RHB Doug Stephens
|
0-0: Called Strike 0-1: Swinging Strike 0-2: Fly out, F9 (Flyball, 9LS)
|
Top of the 1st over - 0 run(s), 1 hit(s), 0 error(s), 0 left on base; Chicago 0 - Springfield 0 |
BOTTOM OF THE 1ST |
Springfield Stars batting - Pitching for Chicago Machine : RHP Shiki Kanno
|
Pitching: RHP Shiki Kanno
|
|
Batting: RHB Calvin Bennett
|
0-0: Foul Ball, location: 2F 0-1: SINGLE (Line Drive, 34D)
|
Batting: RHB Juan Rodríguez
|
0-0: Ball 1-0: Ball 2-0: SINGLE (Line Drive, 56D) Calvin Bennett to second
|
Batting: LHB Derek Davidson
|
0-0: Ball 1-0: Called Strike 1-1: Swinging Strike 1-2: Ball 2-2: Foul Ball, location: 2F 2-2: Ball 3-2: Fly out, F9 (Flyball, 9S)
|
Batting: LHB Elliott Newell
|
0-0: Ball 1-0: Swinging Strike 1-1: Grounds into double play, 6-4-3 (Groundball, 6)
|
Bottom of the 1st over - 0 run(s), 2 hit(s), 0 error(s), 1 left on base; Chicago 0 - Springfield 0 |
TOP OF THE 2ND |
Chicago Machine batting - Pitching for Springfield Stars : LHP José López
|
Batting: SHB Lee Townsend
|
0-0: Foul Ball, location: 2F 0-1: Ball 1-1: Ball 2-1: Foul Ball, location: 2F 2-2: Ball 3-2: Ground out 6-3 (Groundball, 6M)
|
Batting: LHB Bob Smith
|
0-0: Foul Ball, location: 2F 0-1: Called Strike 0-2: Strikes out looking
|
Batting: RHB Roberto Cardona
|
0-0: Ball 1-0: Ground out 6-3 (Groundball, 6)
|
Top of the 2nd over - 0 run(s), 0 hit(s), 0 error(s), 0 left on base; Chicago 0 - Springfield 0 |
BOTTOM OF THE 2ND |
Springfield Stars batting - Pitching for Chicago Machine : RHP Shiki Kanno
|
Batting: SHB Shane Hutchinson
|
0-0: Ball 1-0: Foul Ball, location: 2F 1-1: Ball 2-1: Swinging Strike 2-2: Foul Ball, location: 2F 2-2: Ball 3-2: Base on Balls
|
Batting: RHB Juan Carlos Rodríguez
|
0-0: Called Strike 0-1: Swinging Strike 0-2: Foul Ball, location: 2F 0-2: Fly out, F8 (Flyball, 78D)
|
Batting: LHB Jesús Tobías
|
0-0: Ball 1-0: Called Strike 1-1: Foul Ball, location: 2F 1-2: Fly out, F4 (Line Drive, 4D)
|
Batting: LHB Ryan Drake
|
0-0: Fly out, F8 (Line Drive, 8LM)
|
Bottom of the 2nd over - 0 run(s), 0 hit(s), 0 error(s), 1 left on base; Chicago 0 - Springfield 0 |
TOP OF THE 3RD |
Chicago Machine batting - Pitching for Springfield Stars : LHP José López
|
Batting: SHB Jesús Ramírez
|
0-0: Called Strike 0-1: Ground out 5-3 (Groundball, 56S)
|
Batting: SHB Joaquín López
|
0-0: Ball 1-0: Foul Ball, location: 2F 1-1: Ball 2-1: Ball 3-1: Foul Ball, location: 2F 3-2: Base on Balls
|
Batting: LHB José Rivas
|
0-0: SINGLE (Groundball, 2L) (infield hit) Joaquín López to second
|
Batting: RHB Gonzalo Gil
|
0-0: Foul Ball, location: 2F 0-1: Grounds into double play, 6-4-3 (Groundball, 6D)
|
Top of the 3rd over - 0 run(s), 1 hit(s), 0 error(s), 1 left on base; Chicago 0 - Springfield 0 |
BOTTOM OF THE 3RD |
Springfield Stars batting - Pitching for Chicago Machine : RHP Shiki Kanno
|
Batting: RHB Félix Gonzáles
|
0-0: Ball 1-0: Ball 2-0: Ball 3-0: Base on Balls
|
Batting: RHB Calvin Bennett
|
0-0: Ball 1-0: Ball 2-0: Swinging Strike 2-1: Called Strike 2-2: Ball 3-2: Base on Balls Félix Gonzáles to second
|
Batting: RHB Juan Rodríguez
|
0-0: SINGLE (Groundball, 6MD) Félix Gonzáles to third Calvin Bennett to second
|
Pitching: RHP Cory Lowe
|
|
Batting: LHB Derek Davidson
|
0-0: Ball 1-0: Ball 2-0: Called Strike 2-1: Ball 3-1: Base on Balls Félix Gonzáles scores Calvin Bennett to third Juan Rodríguez to second
|
Batting: LHB Elliott Newell
|
0-0: Ball 1-0: Called Strike 1-1: Ball 2-1: Ball 3-1: Fly out, F9 (Flyball, 9) Runner from 3rd tags up, SCORES, no throw
|
Batting: SHB Shane Hutchinson
|
0-0: Called Strike 0-1: Ball 1-1: Swinging Strike 1-2: Strikes out looking
|
Batting: RHB Juan Carlos Rodríguez
|
0-0: Ball 1-0: Ball 2-0: 3-RUN HOME RUN (Flyball, 7LD), Distance : 359 ft
|
Batting: LHB Jesús Tobías
|
0-0: Called Strike 0-1: Ball 1-1: Ball 2-1: Swinging Strike 2-2: DOUBLE (Line Drive, 7LM)
|
Batting: LHB Ryan Drake
|
0-0: Called Strike 0-1: Ball 1-1: Ball 2-1: Swinging Strike 2-2: Strikes out swinging
|
Bottom of the 3rd over - 5 run(s), 3 hit(s), 0 error(s), 1 left on base; Chicago 0 - Springfield 5 |
TOP OF THE 4TH |
Chicago Machine batting - Pitching for Springfield Stars : LHP José López
|
Batting: RHB Juan Vareas
|
0-0: Ball 1-0: SINGLE (Line Drive, 3D)
|
Batting: RHB Doug Stephens
|
0-0: Called Strike 0-1: Ball 1-1: Grounds into double play, 5-4-3 (Groundball, 56)
|
Batting: SHB Lee Townsend
|
0-0: Ball 1-0: Ball 2-0: Called Strike 2-1: Called Strike 2-2: Foul Ball, location: 2F 2-2: Strikes out swinging
|
Top of the 4th over - 0 run(s), 1 hit(s), 0 error(s), 0 left on base; Chicago 0 - Springfield 5 |
BOTTOM OF THE 4TH |
Springfield Stars batting - Pitching for Chicago Machine : RHP Cory Lowe
|
Batting: RHB Félix Gonzáles
|
0-0: Ball 1-0: Called Strike 1-1: Ground out 5-3 (Groundball, 56)
|
Batting: RHB Calvin Bennett
|
0-0: Foul Ball, location: 2F 0-1: Ball 1-1: Foul Ball, location: 2F 1-2: Ball 2-2: Fly out, F2 (Popup, 23)
|
Batting: RHB Juan Rodríguez
|
0-0: Called Strike 0-1: Fly out, F6 (Popup, 56)
|
Bottom of the 4th over - 0 run(s), 0 hit(s), 0 error(s), 0 left on base; Chicago 0 - Springfield 5 |
TOP OF THE 5TH |
Chicago Machine batting - Pitching for Springfield Stars : LHP José López
|
Pitching: LHP Jeremy Meyer
|
|
Batting: LHB Bob Smith
|
0-0: Ball 1-0: Foul Ball, location: 2F 1-1: Swinging Strike 1-2: Ball 2-2: Ball 3-2: Foul Ball, location: 2F 3-2: Base on Balls
|
Batting: RHB Roberto Cardona
|
0-0: Foul Ball, location: 2F 0-1: Called Strike 0-2: Ball 1-2: Strikes out looking
|
Batting: SHB Jesús Ramírez
|
0-0: Called Strike 0-1: Called Strike 0-2: Strikes out swinging
|
Batting: SHB Joaquín López
|
0-0: Ball 1-0: Foul Ball, location: 2F 1-1: Swinging Strike 1-2: Ball 2-2: Ball 3-2: Strikes out looking
|
Top of the 5th over - 0 run(s), 0 hit(s), 0 error(s), 1 left on base; Chicago 0 - Springfield 5 |
BOTTOM OF THE 5TH |
Springfield Stars batting - Pitching for Chicago Machine : RHP Cory Lowe
|
Batting: LHB Derek Davidson
|
0-0: Swinging Strike 0-1: Swinging Strike 0-2: Strikes out looking
|
Batting: LHB Elliott Newell
|
0-0: Ball 1-0: Ball 2-0: Swinging Strike 2-1: Called Strike 2-2: Ball 3-2: Base on Balls
|
Pitching: RHP Víctor Reyes
|
|
Batting: SHB Shane Hutchinson
|
0-0: Ball Wild Pitch! Elliott Newell to second 1-0: Foul Ball, location: 2F 1-1: Ball 2-1: Called Strike 2-2: Foul Ball, location: 2F 2-2: Foul Ball, location: 2F 2-2: Foul Ball, location: 2F 2-2: SINGLE (Groundball, 4D) Elliott Newell to third
|
Batting: RHB Juan Carlos Rodríguez
|
0-0: Foul Ball, location: 2F 0-1: Grounds into double play, 6-4-3 (Groundball, 6)
|
Bottom of the 5th over - 0 run(s), 1 hit(s), 0 error(s), 1 left on base; Chicago 0 - Springfield 5 |
TOP OF THE 6TH |
Chicago Machine batting - Pitching for Springfield Stars : LHP Jeremy Meyer
|
Pitching: RHP Jorge Delgado
|
|
Batting: LHB José Rivas
|
0-0: Called Strike 0-1: Ground out 4-3 (Groundball, 4)
|
Batting: RHB Gonzalo Gil
|
0-0: Called Strike 0-1: Foul Ball, location: 2F 0-2: Ball 1-2: Strikes out looking
|
Batting: RHB Juan Vareas
|
0-0: Ball 1-0: Ball 2-0: Called Strike 2-1: Fly out, F5 (Line Drive, 5L)
|
Top of the 6th over - 0 run(s), 0 hit(s), 0 error(s), 0 left on base; Chicago 0 - Springfield 5 |
BOTTOM OF THE 6TH |
Springfield Stars batting - Pitching for Chicago Machine : RHP Víctor Reyes
|
Batting: LHB Jesús Tobías
|
0-0: Ball 1-0: Called Strike 1-1: Ball 2-1: Ball 3-1: SINGLE (Groundball, 13) (infield hit)
|
Batting: LHB Ryan Drake
|
0-0: Called Strike 0-1: Ball Jesús Tobías is caught stealing 2nd base 1-1: Swinging Strike 1-2: Ball 2-2: Ground out 4-3 (Groundball, 4)
|
Batting: RHB Félix Gonzáles
|
0-0: Foul Ball, location: 2F 0-1: Foul Ball, location: 2F 0-2: Ball 1-2: Ball 2-2: Ball 3-2: Base on Balls
|
Pinch Hitting: SHB David García
|
0-0: Ball 1-0: Foul Ball, location: 2F 1-1: Fly out, F8 (Flyball, 8RM)
|
Bottom of the 6th over - 0 run(s), 1 hit(s), 0 error(s), 1 left on base; Chicago 0 - Springfield 5 |
TOP OF THE 7TH |
Chicago Machine batting - Pitching for Springfield Stars : RHP Jorge Delgado
|
Now in CF: David García
|
|
Batting: RHB Doug Stephens
|
0-0: Called Strike 0-1: Called Strike 0-2: Fly out, F9 (Flyball, 9)
|
Batting: SHB Lee Townsend
|
0-0: Ball 1-0: Ball 2-0: Ball 3-0: Called Strike 3-1: Called Strike 3-2: Ground out U3 (Groundball, 34)
|
Batting: LHB Bob Smith
|
0-0: Called Strike 0-1: Ball 1-1: Ball 2-1: SINGLE (Groundball, 6D)
|
Batting: RHB Roberto Cardona
|
0-0: Fly out, F7 (Flyball, 7)
|
Top of the 7th over - 0 run(s), 1 hit(s), 0 error(s), 1 left on base; Chicago 0 - Springfield 5 |
BOTTOM OF THE 7TH |
Springfield Stars batting - Pitching for Chicago Machine : RHP Víctor Reyes
|
Pinch Hitting: RHB José Pinto
|
0-0: Ball 1-0: Swinging Strike 1-1: Swinging Strike 1-2: SINGLE (Line Drive, 7S)
|
Batting: LHB Derek Davidson
|
0-0: Ball José Pinto steals 2nd base 1-0: Ball 2-0: Ball 3-0: Base on Balls
|
Pinch Hitting: RHB Cho-yun Qiao
|
0-0: Swinging Strike 0-1: Swinging Strike 0-2: Ball 1-2: Ball 2-2: Ground out 6-3 (Groundball, 6S) José Pinto to third Derek Davidson to second
|
Pitching: RHP Raúl Ruíz
|
|
Batting: SHB Shane Hutchinson
|
0-0: Called Strike 0-1: Called Strike 0-2: Ball 1-2: Ball 2-2: Ground out U3 (Groundball, 34) José Pinto scores Derek Davidson to third
|
Pinch Hitting: RHB Ed Watkins
|
0-0: Ball 1-0: Ground out 6-3 (Groundball, 6)
|
Bottom of the 7th over - 1 run(s), 1 hit(s), 0 error(s), 1 left on base; Chicago 0 - Springfield 6 |
TOP OF THE 8TH |
Chicago Machine batting - Pitching for Springfield Stars : RHP Jorge Delgado
|
Now at 1B: José Pinto
|
|
Now at SS: Dave Henderson
|
|
Now in LF: Cho-yun Qiao
|
|
Batting: SHB Jesús Ramírez
|
0-0: Ball 1-0: Ball 2-0: Called Strike 2-1: Ball 3-1: Called Strike 3-2: Strikes out looking
|
Pitching: LHP Brock Morris
|
|
Batting: SHB Joaquín López
|
0-0: Ball 1-0: Called Strike 1-1: Ground out 6-3 (Groundball, 56)
|
Batting: LHB José Rivas
|
0-0: Foul Ball, location: 2F 0-1: Swinging Strike 0-2: Ball 1-2: Foul Ball, location: 2F 1-2: Foul Ball, location: 2F 1-2: Foul Ball, location: 2F 1-2: Ball 2-2: Ball 3-2: Ground out 4-3 (Groundball, 4)
|
Top of the 8th over - 0 run(s), 0 hit(s), 0 error(s), 0 left on base; Chicago 0 - Springfield 6 |
BOTTOM OF THE 8TH |
Springfield Stars batting - Pitching for Chicago Machine : RHP Raúl Ruíz
|
Pinch Hitting: RHB Desi Thompson
|
0-0: Ball 1-0: Ground out U3 (Groundball, 34S)
|
Pinch Hitting: SHB Martín Medina
|
0-0: Ground out 6-3 (Groundball, 6)
|
Batting: RHB Félix Gonzáles
|
0-0: Ball 1-0: Foul Ball, location: 2F 1-1: Swinging Strike 1-2: Strikes out looking
|
Bottom of the 8th over - 0 run(s), 0 hit(s), 0 error(s), 0 left on base; Chicago 0 - Springfield 6 |
TOP OF THE 9TH |
Chicago Machine batting - Pitching for Springfield Stars : LHP Brock Morris
|
Now at 2B: Desi Thompson
|
|
Now in CF: Martín Medina
|
|
Pinch Hitting: RHB Lorenzo Guzmán
|
0-0: Called Strike 0-1: Called Strike 0-2: Ball 1-2: Strikes out swinging
|
Pinch Hitting: RHB Will Lott
|
0-0: Swinging Strike 0-1: Ball 1-1: Foul Ball, location: 2F 1-2: Foul Ball, location: 2F 1-2: Strikes out swinging
|
Pinch Hitting: RHB Roberto Tobías
|
0-0: Ball 1-0: Ball 2-0: Swinging Strike 2-1: Ground out 4-3 (Groundball, 4)
|
Top of the 9th over - 0 run(s), 0 hit(s), 0 error(s), 0 left on base; Chicago 0 - Springfield 6 |
|